 Dungeon Crawl Stone Soup version 0.23.0 (webtiles) character file.

Game seed: 9137009673483899726

1473 grindst0ne the Skirmisher (level 8, -4/67 HPs)
             Began as a Gnoll Wanderer on Feb 9, 2019.
             Slain by an orc warrior
             ... wielding a +0 glaive
              (13 damage)
             ... on level 6 of the Dungeon.
             The game lasted 00:10:51 (5582 turns).

grindst0ne the Skirmisher (Gnoll Wanderer)          Turns: 5582, Time: 00:10:52

Health: -4/67      AC: 13    Str: 23    XL:     8   Next: 78%
Magic:  13/13      EV:  8    Int: 17    God:
Gold:   25         SH:  0    Dex: 11    Spells: 14/14 levels left

rFire    . . .     SeeInvis .   r - +2 dagger (elec)
rCold    . . .     Gourm    .   (no shield)
rNeg     . . .     Faith    .   b - +0 plate armour
rPois    .         Spirit   .   (no helmet)
rElec    .         Reflect  .   u - +0 cloak
rCorr    .         Harm     .   (no gloves)
MR       .....                  (no boots)
Stlth    ..........             (no amulet)
HPRegen  0.21/turn              l - ring of flight
MPRegen  0.13/turn              (no ring)

@: mighty
A: distributed training, fangs 1, strong nose
a: Evoke Flight


You were on level 6 of the Dungeon.
You were not hungry.

You visited 1 branch of the dungeon, and saw 6 of its levels.

You collected 241 gold pieces.
You spent 216 gold pieces at shops.

Inventory:

Hand Weapons
 p - a +2 mace of protection
 r - a +2 dagger of electrocution (weapon)
Missiles
 q - 12 tomahawks (quivered)
Armour
 b - a +0 plate armour (worn)
 u - a +0 cloak (worn)
 x - a +0 chain mail
Jewellery
 l - a ring of flight (left hand)
Wands
 y - a wand of random effects (18)
 B - a wand of digging (5)
Scrolls
 d - a scroll of fog {unknown}
 e - a scroll of blinking {unknown}
 h - a scroll of remove curse
 i - 2 scrolls of amnesia {unknown}
 j - 2 scrolls of magic mapping {unknown}
 n - a scroll of random uselessness {unknown}
 v - a scroll of enchant armour {unknown}
 w - a scroll of enchant weapon {unknown}
 A - a scroll of fear {unknown}
Potions
 c - a potion of brilliance
 g - 3 potions of mutation
 k - 3 potions of curing
 s - 2 potions of might
 t - 2 potions of agility
 z - a potion of magic {unknown}
Comestibles
 f - 6 rations


   Skills:
 + Level 7.5 Fighting
 + Level 3.5 Short Blades
 + Level 3.5 Long Blades
 + Level 4.4 Axes
 + Level 3.5 Maces & Flails
 + Level 3.5 Polearms
 + Level 3.5 Staves
 + Level 3.5 Slings
 + Level 3.5 Bows
 + Level 3.5 Crossbows
 + Level 5.8 Throwing
 + Level 4.4 Armour
 + Level 3.5 Dodging
 + Level 4.2 Stealth
 + Level 3.5 Shields
 + Level 5.8 Unarmed Combat
 + Level 3.5 Spellcasting
 + Level 2.8 Conjurations
 + Level 2.8 Hexes
 + Level 2.8 Charms
 + Level 2.8 Summonings
 + Level 2.8 Necromancy
 + Level 2.8 Translocations
 + Level 2.8 Transmutations
 + Level 2.8 Fire Magic
 + Level 2.8 Ice Magic
 + Level 2.8 Air Magic
 + Level 2.8 Earth Magic
 + Level 2.8 Poison Magic
 + Level 3.8 Invocations
 + Level 3.5 Evocations


You had 14 spell levels left.
You didn't know any spells.
Your spell library was empty.

Dungeon Overview and Level Annotations

Branches:
Dungeon (6/15)
 Temple: D:4-7

Altars:
Elyvilon

Shops:
D:6 }


Innate Abilities, Weirdness & Mutations

Your experience applies equally to all skills.
You have very sharp teeth.
Your uncanny sense of smell can sniff out nearby items.


Message History

The orc warrior closely misses you.
You closely miss the orc warrior.
The orc warrior is moderately wounded.
The orc hits you with a +0 club.
* * * LOW HITPOINT WARNING * * *
The orc hits you but does no damage.
The orc priest looks encouraged for a moment.
Okay, then.
Okay, then.
The orc warrior hits you but does no damage.
The orc hits you but does no damage. x2
The orc priest invokes the aid of Beogh against you.
Pain shoots through your body!
* * * LOW HITPOINT WARNING * * *
The orc priest hits you with a cursed -3 flail.
* * * LOW HITPOINT WARNING * * *
There is a stone staircase leading down here.
The orc closely misses you.
The orc warrior hits you from afar with a +0 glaive!
You die...

.... o.. .# ).
.## ##.# ..# #..#
###..##
#†####......
#........# ..#
##......###..#
##...@## #..#
#.ooo# #..# ..
#.#.o## #..# ...
##....###..###...
#.#............#
#..[........#
#####..........##
#..##..........#
###............#


You could see an orc warrior, an orc priest and 2 orcs.

Vanquished Creatures
  Grinder (D:6)
  Sigmund (D:2)
  An orc warrior (D:6)
  2 ogres (D:6)
  2 bullfrogs (D:6)
  3 scorpions
  2 hounds
  3 orc wizards
  A bullfrog skeleton (D:6)
  4 iguanas
  5 worker ants
  A howler monkey zombie (D:2)
  7 adders
  2 worms
  2 dart slugs (D:1)
  3 leopard geckos
  15 orcs
  2 ball pythons
  6 giant cockroaches
  6 goblins
  6 hobgoblins
  2 jackals (D:3)
  3 quokkas
  7 bats
  5 frilled lizards
  10 kobolds
  7 rats
109 creatures vanquished.

Notes
Turn   | Place    | Note
-------+----------+-------------------------------------------
     0 | D:1      | grindst0ne the Gnoll Wanderer began the quest for the Orb.
     0 | D:1      | grindst0ne set off with the following items: a potion of
                  | berserk rage, a potion of heal wounds, a +0 spear, a +0
                  | hand axe, a +0 robe, a ration
     0 | D:1      | Reached XP level 1. HP: 23/23 MP: 1/1
   135 | D:1      | Reached XP level 2. HP: 24/29 MP: 2/2
   891 | D:1      | Reached XP level 3. HP: 10/35 MP: 3/3
  1186 | D:2      | Noticed Sigmund
  1361 | D:2      | Reached skill level 1 in Invocations
  1613 | D:2      | Reached skill level 1 in Short Blades
  1613 | D:2      | Reached skill level 1 in Long Blades
  1613 | D:2      | Reached skill level 1 in Maces & Flails
  1613 | D:2      | Reached skill level 1 in Polearms
  1613 | D:2      | Reached skill level 1 in Staves
  1613 | D:2      | Reached skill level 1 in Slings
  1613 | D:2      | Reached skill level 1 in Bows
  1613 | D:2      | Reached skill level 1 in Crossbows
  1613 | D:2      | Reached skill level 1 in Dodging
  1613 | D:2      | Reached skill level 1 in Shields
  1613 | D:2      | Reached skill level 1 in Spellcasting
  1613 | D:2      | Reached skill level 1 in Evocations
  1613 | D:2      | Reached XP level 4. HP: 28/41 MP: 5/5
  2145 | D:3      | Reached skill level 1 in Conjurations
  2145 | D:3      | Reached skill level 1 in Hexes
  2145 | D:3      | Reached skill level 1 in Charms
  2145 | D:3      | Reached skill level 1 in Summonings
  2145 | D:3      | Reached skill level 1 in Necromancy
  2145 | D:3      | Reached skill level 1 in Translocations
  2145 | D:3      | Reached skill level 1 in Transmutations
  2145 | D:3      | Reached skill level 1 in Fire Magic
  2145 | D:3      | Reached skill level 1 in Ice Magic
  2145 | D:3      | Reached skill level 1 in Air Magic
  2145 | D:3      | Reached skill level 1 in Earth Magic
  2145 | D:3      | Reached skill level 1 in Poison Magic
  2335 | D:3      | Reached XP level 5. HP: 41/47 MP: 6/6
  3138 | D:4      | Reached XP level 6. HP: 53/53 MP: 8/8
  3283 | D:4      | Reached skill level 5 in Throwing
  3283 | D:4      | Reached skill level 5 in Unarmed Combat
  3738 | D:2      | Killed Sigmund
  3738 | D:2      | Reached skill level 7 in Fighting
  3738 | D:2      | Reached XP level 7. HP: 46/60 MP: 10/10
  3892 | D:5      | Entered Level 5 of the Dungeon
  3921 | D:5      | Found a white marble altar of Elyvilon.
  4660 | D:6      | Noticed Grinder
  4665 | D:6      | Paralysed by Grinder for 5 turns
  4685 | D:6      | Killed Grinder
  4685 | D:6      | Reached XP level 8. HP: 43/67 MP: 10/12
  5433 | D:6      | Found Exeogew's Gadget Boutique.
  5441 | D:6      | Bought a wand of digging (5) for 216 gold pieces
  5582 | D:6      | Slain by an orc warrior

Skill      XL: |  1  2  3  4  5  6  7  8 |
---------------+-------------------------+-----
Invocations    | 1 2 3 |  3.8
Short Blades   | 1 2 3 |  3.5
Long Blades    | 1 2 3 |  3.5
Maces & Flails | 1 2 3 |  3.5
Polearms       | 1 2 3 |  3.5
Staves         | 1 2 3 |  3.5
Slings         | 1 2 3 |  3.5
Bows           | 1 2 3 |  3.5
Crossbows      | 1 2 3 |  3.5
Dodging        | 1 2 3 |  3.5
Shields        | 1 2 3 |  3.5
Spellcasting   | 1 2 3 |  3.5
Evocations     | 1 2 3 |  3.5
Conjurations   | 1 2 |  2.8
Hexes          | 1 2 |  2.8
Charms         | 1 2 |  2.8
Summonings     | 1 2 |  2.8
Necromancy     | 1 2 |  2.8
Translocations | 1 2 |  2.8
Transmutations | 1 2 |  2.8
Fire Magic     | 1 2 |  2.8
Ice Magic      | 1 2 |  2.8
Air Magic      | 1 2 |  2.8
Earth Magic    | 1 2 |  2.8
Poison Magic   | 1 2 |  2.8
Axes           | 3 4 |  4.4
Armour         | 3 4 |  4.4
Stealth        | 3 4 |  4.2
Throwing       | 5 |  5.8
Unarmed Combat | 5 |  5.8
Fighting       | 7 |  7.5

Action                   |  1- 3 |  4- 6 |  7- 9 || total
-------------------------+-------+-------+-------++-------
Melee: Hand axe          |   135 |    33 |       ||   168
       Bite              |     9 |     8 |     8 ||    25
       Punch             |     2 |     1 |     2 ||     5
       Dagger            |       |   115 |   110 ||   225
Evoke: Wand              |       |       |     3 ||     3
  Use: Scroll            |       |     4 |     2 ||     6
       Potion            |       |       |     4 ||     4
 Stab: Sleeping          |     3 |     2 |     1 ||     6
  Eat: Chunk             |     2 |     7 |     6 ||    15
Armor: Robe              |    21 |       |       ||    21
       Leather armour    |    12 |    38 |       ||    50
       Ring mail         |       |    17 |     1 ||    18
       Chain mail        |       |       |    13 ||    13
       Plate armour      |       |       |    22 ||    22
Dodge: Dodged            |   108 |    97 |    40 ||   245
